 Dungeon Crawl Stone Soup version 0.29.1-14-g9c671dbff4 (webtiles) character file.

Game seed: 4562451317797323667

113 wolfrpgdude the Poker (level 4, -1/67 HPs)
             Began as an Ogre Gladiator on Feb 15, 2023.
             Slain by an orc
             ... wielding a +0 falchion
              (3 damage)
             ... on level 3 of the Dungeon.
             The game lasted 00:05:52 (2529 turns).

wolfrpgdude the Poker (Ogre Gladiator)              Turns: 2529, Time: 00:05:53

Health: -1/67      AC:  6    Str: 20    XL:     4   Next: 96%
Magic:  4/4        EV: 10    Int:  9    God:
Gold:   106        SH:  0    Dex: 10    Spells: 3/3 levels left

rFire   . . .      SeeInvis .   n - +3 quarterstaff (chaos)
rCold   . . .      Faith    .   (shield currently unavailable)
rNeg    . . .      Spirit   .   b - +0 robe
rPois   .          Reflect  .   h - +2 hat
rElec   .          Harm     .   o - +0 cloak
rCorr   .          Rampage  .   (gloves unavailable)
Will    .....                   (boots unavailable)
Stlth   ..........              (no amulet)
HPRegen 0.21/turn               (no ring)
MPRegen 0.09/turn               (no ring)

@: confused, berserking, very quick
A: large, unfitting armour, tough skin 1
a: no special abilities


You were on level 3 of the Dungeon.
You visited 1 branch of the dungeon, and saw 3 of its levels.

You collected 106 gold pieces.

Inventory:

Hand Weapons
 n - a +3 quarterstaff of chaos (weapon)
Missiles
 d - 3 throwing nets (quivered)
 e - a large rock
Armour
 b - a +0 robe (worn)
 h - a +2 hat (worn)
 o - a +0 cloak (worn)
Wands
 k - a wand of flame (26)
Scrolls
 j - a scroll of teleportation
 m - a scroll of identify
 p - a scroll of torment {unknown}
Potions
 a - a potion of magic {unknown}
 c - 2 potions of degeneration {unknown}
 f - a potion of flight {unknown}
 g - a potion of berserk rage
 i - a potion of brilliance {unknown}
 l - a potion of resistance {unknown}


   Skills:
 + Level 3.4 Fighting
 + Level 1.1 Short Blades
 + Level 3.8 Polearms
 + Level 2.3 Throwing
 + Level 3.5 Dodging
 + Level 0.4 Stealth


You had 3 spell levels left.
You didn't know any spells.
Your spell library contained the following spells:

 Spells                   Type           Power      Damage    Failure   Level
 Inner Flame              Hex/Fire       0%         N/A       77%         3
 Cause Fear               Hex            0%         N/A       99%         4
 Discord                  Hex            0%         N/A       100%        8


Dungeon Overview and Level Annotations

Branches:
Dungeon (3/15)

Altars:
Dithmenos
Gozag
Okawaru
Ru
Sif Muna


Innate Abilities, Weirdness & Mutations

You are too large for most types of armour.
You have tough skin. (AC +1)


Message History

You sock something!
Reactivating autopickup.
You feel a bit more experienced.
An orc comes into view. It is wielding a +0 short sword.
The orc hits you but does no damage. x2
Something hits you but does no damage.
Deactivating autopickup; reactivate with Ctrl-A.
The orc hits you with a +0 falchion. The orc barely misses you.
Things that are here:
a +0 mace; a +0 leather armour You completely miss something.
The orc wizard hits you but does no damage.
The orc hits you with a +0 falchion. The orc barely misses you.
The orc wizard gestures at you while chanting.
You are confused.
You hear some strange, mumbled words.
You are more confused.
The orc closely misses you.
An endoplasm comes into view.
The orc misses you. The orc hits you with a +0 falchion.
* * * LOW HITPOINT WARNING * * *
You hit the orc wizard. You freeze the orc wizard.
The orc wizard is moderately wounded.
The orc wizard hits you but does no damage.
The orc hits you with a +0 falchion.
* * * LOW HITPOINT WARNING * * *
Something hits you.
* * * LOW HITPOINT WARNING * * *
The orc hits you with a +0 falchion.
* * * LOW HITPOINT WARNING * * *
The orc hits you but does no damage.
It was a potion of berserk rage.
A red film seems to cover your vision as you go berserk!
You feel yourself moving faster!
You feel mighty!
The endoplasm jiggles.
Something hits you.
* * * LOW HITPOINT WARNING * * *
The orc completely misses you. The orc closely misses you.
The orc hits you with a +0 falchion.
You die...

#...# .#. .... ....
.... .
....###..#####'#
.........J.......
.................
..........oo.....
........o@o......
.......$))o....><.
..................
#..................
#..................
##........).........
###...................
...._..##............
#._8_......#####+##


You could see an orc wizard, 4 orcs and an endoplasm.

Vanquished Creatures
  Crazy Yiuf (D:2)
  Terence (D:2)
  An adder (D:2)
  A worm (D:2)
  3 orcs (D:3)
  2 endoplasms
  6 goblins
  4 hobgoblins
  2 ball pythons (D:2)
  2 bats
  6 frilled lizards (D:1)
  9 kobolds
  4 rats (D:1)
  4 bushes (D:1)
46 creatures vanquished.

Vanquished Creatures (collateral kills)
  A goblin (D:1)
  A kobold (D:1)
2 creatures vanquished.

Vanquished Creatures (others)
  11 plants (D:1)
11 creatures vanquished.

Grand Total: 59 creatures vanquished

Notes
Turn   | Place    | Note
-------+----------+-------------------------------------------
     0 | D:1      | wolfrpgdude the Ogre Gladiator began the quest for the Orb.
     0 | D:1      | Reached XP level 1. HP: 22/22 MP: 1/1
   216 | D:1      | Reached XP level 2. HP: 29/29 MP: 2/2
   353 | D:1      | Found a faded altar of an unknown god.
   937 | D:1      | Reached XP level 3. HP: 33/36 MP: 3/3
  1276 | D:2      | Noticed Terence
  1290 | D:2      | Killed Terence
  1538 | D:2      | Reached XP level 4. HP: 43/45 MP: 4/4
  1930 | D:2      | Found a sacrificial altar of Ru.
  2094 | D:2      | Found a runed translucent door.
  2095 | D:2      | Noticed Crazy Yiuf
  2107 | D:2      | Killed Crazy Yiuf
  2108 | D:2      | Reached skill level 1 in Short Blades
  2500 | D:3      | Found a shadowy altar of Dithmenos.
  2501 | D:3      | Found an opulent altar of Gozag.
  2501 | D:3      | Found a shimmering blue altar of Sif Muna.
  2502 | D:3      | Found an iron altar of Okawaru.
  2529 | D:3      | HP: 2/67 [something (4)]
  2529 | D:3      | Slain by an orc

Illustrated notes

Levels and vault maps discovered:
D:1:      dpeg_arrival_rooms_b, layout_loops_ring,
          ebering_ecumenical_altar_rust, lexackson_kobold_supper
D:2:      layout_rooms, basic_altar, uniq_terence, uniq_crazy_yiuf_cottage
D:3:      layout_basic, chequers_temple_overflow_statue_of_worship,
          gammafunk_ghost_necromancy, gup_sewer_entry_bowl

Skill      XL: |  1  2  3  4 |
---------------+-------------+-----
Dodging        | 3 |  3.5
Fighting       | 3 |  3.4
Short Blades   | 1 |  1.1
Polearms       | |  3.8
Throwing       | |  2.3
Stealth        | |  0.4

Action                   |  1- 3 |  4- 6 || total
-------------------------+-------+-------++-------
Melee: Trident           |    27 |       ||    27
       Dagger            |   248 |    40 ||   288
       Punch             |     6 |       ||     6
       Quarterstaff      |       |    11 ||    11
  Use: Scroll            |     4 |     2 ||     6
       Potion            |       |     1 ||     1
 Stab: Sleeping          |     1 |       ||     1
Armor: Robe              |    11 |    21 ||    32
Dodge: Dodged            |    30 |    30 ||    60
